 Dungeon Crawl Stone Soup version 0.17.1-3-g152610e (webtiles) character file.

65 Yevrel the Skirmisher (level 3, 0/29 HPs)
             Began as a Demonspawn Abyssal Knight on Apr 4, 2016.
             Was a Believer of Lugonu.
             Killed by nerve-wracking pain
             ... invoked by Grinder
              (7 damage)
             ... on level 3 of the Dungeon.
             The game lasted 00:05:33 (1844 turns).

Yevrel the Skirmisher (Demonspawn Abyssal Knight)   Turns: 1844, Time: 00:05:33

Health: 0/29       AC:  6    Str: 13    XL:     3   Next: 94%
Magic:  4/5        EV: 11    Int: 13    God:    Lugonu [**....]
Gold:   110        SH:  3    Dex: 12    Spells: 2 memorised, 0 levels left

rFire  . . .     SeeInvis .     a - +1 hand axe
rCold  . . .     Clarity  .     b - +0 leather armour
rNeg   . . .     SustAt   .     p - +0 buckler
rPois  .         Gourm    .     (no helmet)
rElec  .         Spirit   .     (no cloak)
rCorr  .         Warding  .     q - +0 pair of gloves
rMut   .         Stasis   .     (no boots)
MR     .....                    (no amulet)
Stlth  +.........               (no ring)
                                (no ring)

@: very slightly contaminated, not resistant to hostile enchantments, very
unstealthy
A: yellow scales 1
a: Depart the Abyss, Bend Space, Renounce Religion


You were on level 3 of the Dungeon.
You worshipped Lugonu.
Lugonu was pleased with you.
You were not hungry.

You visited 1 branch of the dungeon, and saw 3 of its levels.
You visited the Abyss 1 time.

You collected 110 gold pieces.

Inventory:

Hand Weapons
 a - a +1 hand axe (weapon)
Missiles
 h - 7 tomahawks (quivered)
Armour
 b - a +0 leather armour (worn)
 p - a +0 buckler (worn)
 q - a +0 pair of gloves (worn)
Scrolls
 d - 2 scrolls of blinking {unknown}
 f - a scroll of random uselessness {unknown}
 j - a scroll of remove curse {unknown}
 k - 2 scrolls of teleportation {unknown}
 r - a scroll of magic mapping {unknown}
Potions
 e - 2 potions of flight {unknown}
 g - 2 potions of curing {unknown}
 i - a potion of poison {unknown}
 l - a potion of heal wounds {unknown}
Books
 m - Vehumet's Compendium of Attacks
   (You found it on level 2 of the Dungeon)

   Spells                             Type                      Level
   a - Magic Dart                     Conjuration                  1
 n - Sif Muna's Handbook of Transmigration
   (You found it on level 2 of the Dungeon)

   Spells                             Type                      Level
   a - Beastly Appendage              Transmutation                1
 o - Kikubaaqudgha's Guide on Darkness
   (You found it on level 2 of the Dungeon)

   Spells                             Type                      Level
   a - Pain                           Necromancy                   1
Comestibles
 c - 2 bread rations


   Skills:
 + Level 3.6 Fighting
 + Level 2.1 Axes
 + Level 2.2 Armour
 + Level 1.9 Dodging
 + Level 0.4 Stealth
 + Level 2.7 Invocations


You couldn't memorise any spells.
You knew the following spells:

 Your Spells              Type           Power        Failure   Level  Hunger
a - Pain                  Necr           #...         69%         1    ##.....
b - Magic Dart            Conj           #...         69%         1    ##.....


Dungeon Overview and Level Annotations

Branches:
Dungeon (3/15)

Altars:
Kikubaaqudgha
Sif Muna
Vehumet
Xom

Annotations:
D:3 Grinder


Innate Abilities, Weirdness & Mutations

You are partially covered in yellow scales (AC +2).


Message History

an arrow; a short sword Grinder comes into view.
Grinder shouts!
The centaur shoots an arrow.
The arrow hits you!
* * * LOW HITPOINT WARNING * * *
You see here an arrow.
Read which item? (? for menu, Esc to quit)
Okay, then.
Cast which spell? (? or * to list)
Aiming: Pain
Press: ? - help, Shift-Dir - straight line, f - centaur
Aim: a centaur, wielding a shortbow (chance to defeat MR: 32%)
You miscast Pain.
You are very lightly contaminated with residual magic.
You hear strange and distant voices.
The centaur unwields an uncursed shortbow.
The centaur hits you but does no damage.
Grinder gestures at you. Pain shoots through your body!
You die...

### #.g ..#########
.5........##
#.####.....#######
#.# #.............
#.##.#.....#######
#(#.##............
#@(#..........####
#c#..#<#...##.#
#.##.#.#.#.##.####
#..................
c....?......#....###.
####..#.#.#..........
#..#.#.#.###..####
#..#.#.#.# #..# ..
#.#.#.###..####


You could see Grinder, a centaur and a goblin (wandering).

Vanquished Creatures
  An adder (D:3)
  2 worms
  A giant gecko (D:1)
  A ball python (D:1)
  A giant cockroach (D:1)
  7 goblins
  5 hobgoblins
  4 jackals (D:2)
  2 quokkas (D:2)
  8 bats
  4 giant newts
  6 kobolds
  5 rats
47 creatures vanquished.

Notes
Turn   | Place    | Note
--------------------------------------------------------------
     0 | Abyss:1  | Yevrel the Demonspawn Abyssal Knight began the quest for the Orb.
     0 | Abyss:1  | Reached XP level 1. HP: 18/18 MP: 2/2
     3 | D:1      | Escaped the Abyss
   248 | D:1      | Reached * piety under Lugonu
   396 | D:1      | Gained mutation: You are partially covered in yellow scales (AC +2). [demonic ancestry]
   396 | D:1      | Reached XP level 2. HP: 16/24 MP: 3/3
   563 | D:1      | Reached skill level 1 in Dodging
  1051 | D:2      | Reached XP level 3. HP: 22/29 MP: 4/4
  1061 | D:2      | Found a shimmering altar of Xom.
  1225 | D:2      | Reached ** piety under Lugonu
  1459 | D:2      | Found a radiant altar of Vehumet.
  1462 | D:2      | Found a deep blue altar of Sif Muna.
  1462 | D:2      | Found an ancient bone altar of Kikubaaqudgha.
  1467 | D:2      | Identified Vehumet's Compendium of Attacks
  1475 | D:2      | Identified Sif Muna's Handbook of Transmigration
  1484 | D:2      | Identified Kikubaaqudgha's Guide on Darkness
  1495 | D:2      | Learned a level 1 spell: Pain
  1497 | D:2      | Learned a level 1 spell: Magic Dart
  1838 | D:3      | Noticed a centaur
  1842 | D:3      | Noticed Grinder
  1844 | D:3      | Killed from afar by Grinder

Action                   || total
-------------------------++-------
Melee: Hand axe          ||   186
Invok: Depart the Abyss  ||     1
 Stab: Sleeping          ||     1
  Eat: Bread ration      ||     1
